 Dungeon Crawl Stone Soup version 0.30-a0-134-gb40fab5c76 (webtiles) character file.

Game seed: 12573855570030739214

2188 Essalna the Zephyrmancer (level 9, -1/57 HPs)
             Began as a Tengu Air Elementalist on Sept 20, 2022.
             Was an Initiate of Sif Muna.
             Killed by their own static electricity (5 damage)
             ... on level 7 of the Dungeon.
             The game lasted 00:18:30 (10479 turns).

Essalna the Zephyrmancer (Tengu Air Elementalist)  Turns: 10479, Time: 00:18:31

Health: -1/57      AC:  6    Str:  8    XL:     9   Next: 33%
Magic:  2/13       EV: 15    Int: 25    God:    Sif Muna [......]
Gold:   156        SH:  0    Dex: 16    Spells: 5/12 levels left

rFire   . . .      SeeInvis .    t - +1 flail (protect)
rCold   . . .      Faith    .    (no shield)
rNeg    . . .      Spirit   .    a - +1 robe
rPois   .          Reflect  .    o - +2 hat {Stlth+}
rElec   .          Harm     .    (no cloak)
rCorr   +          Rampage  .    v - +0 pair of gloves
Will    .....                    (boots unavailable)
Stlth   +++.......               (no amulet)
HPRegen 0.19/turn                c - ring of resist corrosion
MPRegen 0.13/turn                u - +6 ring of intelligence

@: lethally poisoned (-1 -> -4), flying quickly and evasively, quick
A: beak, talons 3, nimble flight
a: Renounce Religion


You were on level 7 of the Dungeon.
You worshipped Sif Muna.
Sif Muna was noncommittal.
You visited 2 branches of the dungeon, and saw 8 of its levels.
You also visited: Sewer.

You collected 428 gold pieces.
You spent 272 gold pieces at shops.

Inventory:

Hand Weapons
 t - a +1 flail of protection (weapon)
Armour
 a - a +1 robe (worn)
 o - a +2 hat of stealth (worn)
 v - a +0 pair of gloves (worn)
Jewellery
 b - a ring of fire
 c - a ring of resist corrosion (left hand)
 r - a ring of positive energy
 u - a +6 ring of intelligence (right hand)
Scrolls
 d - 5 scrolls of teleportation
 f - a scroll of fear
 g - a scroll of amnesia
 m - 2 scrolls of enchant weapon
 p - a scroll of magic mapping {unknown}
 w - 2 scrolls of poison {unknown}
 y - a scroll of identify
Potions
 e - 2 potions of resistance
 h - 2 potions of haste {unknown}
 i - 2 potions of might {unknown}
 j - 3 potions of attraction {unknown}
 k - 4 potions of cancellation
 l - 4 potions of curing {unknown}
 n - a potion of brilliance {unknown}
 q - a potion of flight {unknown}
 s - 2 potions of heal wounds
 x - a potion of magic
 z - a potion of degeneration {unknown}


   Skills:
 + Level 7.0 Fighting
 - Level 2.2 Dodging
 - Level 2.0 Stealth
 - Level 2.0 Spellcasting
 - Level 8.0 Conjurations
 + Level 10.7 Air Magic


You had 5 spell levels left.
You knew the following spells:

 Your Spells              Type           Power      Damage    Failure   Level
a - Shock                 Conj/Air       100%       1d9       1%          1
b - Static Discharge      Conj/Air       98%        2-7/arc   1%          2
c - Airstrike             Air            27%        2d(4-20)  1%          4

Your spell library contained the following spells:

 Spells                   Type           Power      Damage    Failure   Level
 Poisonous Vapours        Pois/Air       58%        N/A       1%          2
 Swiftness                Air            54%        N/A       1%          3
 Cigotuvi's Dreadful Rot  Necr/Pois/Air  40%        N/A       4%          2
 Summon Small Mammal      Summ           8%         N/A       11%         1
 Call Canine Familiar     Summ           2%         N/A       32%         3
 Summon Guardian Golem    Hex/Summ       2%         N/A       32%         3


Dungeon Overview and Level Annotations

Branches:
Dungeon (7/15)             Temple (1/1) D:6           Sewer (visited)

Altars:
Cheibriados
Elyvilon
Fedhas
Gozag
Hepliaklqana
Kikubaaqudgha
Makhleb
Nemelex Xobeh
Okawaru
Qazlal
Ru
Sif Muna
Uskayaw
Wu Jian
Xom
Yredelemnul
Zin
The Shining One

Shops:
D:4 *([(!


Innate Abilities, Weirdness & Mutations

You have a beak for a mouth.
You have claws for feet.
Your magical nature lets you fly swiftly and evasively.


Message History

You are struck by an arc of lightning.
The kobold brigand is struck by an arc of lightning!
The kobold brigand is almost dead.
The lightning grounds out.
You feel very sick.
The kobold brigand hits you with a +0 short sword.
* * * LOW HITPOINT WARNING * * *
The kobold brigand hits you with a +0 short sword.
* * * LOW HITPOINT WARNING * * *
Your Fighting skill increases to level 7!
Casting: Static Discharge (safe; 1% risk of failure)
Confirm with . or Enter, or press ? or * to list all spells.
The kobold brigand is struck by an arc of lightning.
You kill the kobold brigand!
Sif Muna accepts your kill.
The kobold is struck by an arc of lightning.
You kill the kobold!
Sif Muna accepts your kill.
The kobold is struck by an arc of lightning.
You kill the kobold!
Sif Muna accepts your kill.
You feel very sick.
You are too injured to fight recklessly!
You feel very sick.
It was a potion of cancellation.
Your magical effects are unravelling.
You feel magically purged.
You feel yourself speed up.
You feel sick.
Casting: Static Discharge (safe; 1% risk of failure)
Confirm with . or Enter, or press ? or * to list all spells.
The orc is struck by an arc of lightning.
The orc is heavily wounded.
You are struck by an arc of lightning.
* * * LOW HITPOINT WARNING * * *
The orc is struck by an arc of lightning.
You kill the orc!
Sif Muna accepts your kill.
You are struck by an arc of lightning.
You die...

#####...####.........##
........(..'<........'
####....####.........
#.#.## .>..).. #.###
..... #.# ))) #.# #)#
#.# #)# #.# ######@##
#.######.....).#
#.#......###...#
#.#.###..# ....)#
#.....#..###.......
###.#.#..# #...####
#..#.... ....#
###.#######.## ## #.#


There were no monsters in sight!

Vanquished Creatures
  A vampire mosquito (D:7)
  2 water moccasins
  2 ice beasts
  2 black bears
  2 ogres
  A centaur (D:5)
  A phantom (D:5)
  A kobold brigand (D:7)
  2 scorpions
  4 bullfrogs
  4 hounds
  4 jellies
  2 iguanas
  Natasha (thrice) (D:2)
  2 orc wizards
  4 gnolls (D:4)
  8 adders
  A shadow imp (D:6)
  3 white imps
  An ufetubus (D:4)
  3 worms
  8 dart slugs
  18 orcs
  11 endoplasms
  8 giant cockroaches
  8 goblins
  6 hobgoblins
  12 jackals
  13 kobolds
  3 quokkas
  13 ball pythons
  3 bats
  6 frilled lizards
  6 rats
168 creatures vanquished.

Vanquished Creatures (others)
  11 plants (D:4)
11 creatures vanquished.

Grand Total: 179 creatures vanquished

Notes
Turn   | Place    | Note
-------+----------+-------------------------------------------
     0 | D:1      | Essalna the Tengu Air Elementalist began the quest for the
                  | Orb.
     0 | D:1      | Reached XP level 1. HP: 10/10 MP: 4/4
   218 | D:1      | Reached XP level 2. HP: 15/15 MP: 4/6
   841 | D:1      | Found a faded altar of an unknown god.
  1495 | D:2      | Reached XP level 3. HP: 19/19 MP: 3/7
  1819 | D:2      | Noticed Natasha
  1825 | D:2      | Killed Natasha
  1826 | D:2      | Reached skill level 5 in Air Magic
  1826 | D:2      | Reached XP level 4. HP: 17/24 MP: 3/8
  1915 | D:2      | Learned a level 2 spell: Static Discharge
  2404 | D:2      | Noticed Natasha
  2410 | D:2      | Killed Natasha
  2411 | D:2      | Reached skill level 1 in Fighting
  2684 | D:2      | Noticed Natasha
  2690 | D:2      | Killed Natasha
  2691 | D:2      | Gained mutation: Your magical nature lets you fly swiftly
                  | and evasively. [Tengu growth]
  2691 | D:2      | Reached XP level 5. HP: 17/29 MP: 1/9
  3075 | D:3      | Found a glowing drain.
  3110 | Sewer    | Entered a sewer
  3270 | Sewer    | Noticed a water moccasin
  3280 | Sewer    | Killed a water moccasin
  3281 | Sewer    | Reached skill level 6 in Air Magic
  3281 | Sewer    | Reached XP level 6. HP: 18/36 MP: 7/10
  3563 | D:3      | Reached skill level 5 in Conjurations
  3974 | D:3      | Learned a level 4 spell: Airstrike
  5063 | D:4      | Found Quwkokitz's Weapon Emporium.
  5071 | D:4      | Found a white marble altar of Elyvilon.
  5529 | D:4      | Reached XP level 7. HP: 34/41 MP: 4/11
  5603 | D:4      | Found a sacrificial altar of Ru.
  5680 | D:4      | Reached skill level 7 in Air Magic
  5731 | D:4      | Found Tutoeczu's Assorted Antiques.
  6183 | D:4      | Found Dionaqolu's Weapon Shop.
  6353 | D:4      | Found Lepioqoz's Distillery.
  6370 | D:4      | Bought a potion of heal wounds for 55 gold pieces
  6408 | D:4      | Found Ujumon's Antique Armour Shoppe.
  6415 | D:4      | Bought a runed hat for 217 gold pieces
  6546 | D:5      | Entered Level 5 of the Dungeon
  6986 | D:5      | Reached skill level 8 in Air Magic
  6986 | D:5      | Reached XP level 8. HP: 23/48 MP: 4/12
  6989 | D:5      | Identified the +1 helmet of Veorohil {*Slow Dex+8 SInv
                  | Stlth-}
  7774 | D:5      | Reached skill level 5 in Fighting
  8325 | D:6      | Reached skill level 9 in Air Magic
  8911 | D:6      | Reached XP level 9. HP: 44/55 MP: 6/13
  9093 | D:6      | Reached skill level 10 in Air Magic
  9141 | D:6      | Found a staircase to the Ecumenical Temple.
  9156 | Temple   | Entered the Ecumenical Temple
  9163 | Temple   | Became a worshipper of Sif Muna the Loreminder
  9279 | D:6      | Found an ornate altar of the Wu Jian Council.
  9812 | D:7      | Found a glowing silver altar of Zin.
 10479 | D:7      | Killed from afar by themself

Illustrated notes

Levels and vault maps discovered:
D:1:      lordsloth_arrival_two_stooges, layout_basic,
          ebering_ecumenical_altar_abandoned, grunt_decor_cap,
          grunt_decor_resistance, skrybe_limestone_x,
          corexii_item_surrounded_by_moat
D:2:      layout_basic, serial_rivers, chequers_serial_rivers_small_3,
          chequers_serial_rivers_micro_a, chequers_serial_rivers_micro_d,
          chequers_serial_rivers_small_b, chequers_serial_rivers_small_b,
          uniq_natasha
D:3:      layout_basic, portal_sewer_entry_a, nicolae_figureground_pulse
D:4:      layout_loops_cross, lemuel_coloured_pillars_altar, serial_shops,
          nicolae_shop_bloodbath_and_beyond, nicolae_shop_overgrown_old_shop,
          shop_statue, nicolae_shop_behind_doors, shop, serial_bayou_pond_b,
          minmay_ruined_shrine
D:5:      layout_cave_pods
D:6:      layout_basic, nicolae_wu_jian_immortal_techniques, temple_doors_e
D:7:      layout_loops_corners, mainiacjoe_overflow_alcove_4, minmay_microvault
Temple:   nicolae_temple_no_exploring_needed

Skill      XL: |  1  2  3  4  5  6  7  8  9 |
---------------+----------------------------+-----
Conjurations   | 2 3 4 5 7 8 |  8.0
Air Magic      | 5 6 8 9 10 | 10.7
Fighting       | 1 2 3 4 6 7 |  7.0
Dodging        | |  2.2
Stealth        | |  2.0
Spellcasting   | |  2.0

Action                   |  1- 3 |  4- 6 |  7- 9 || total
-------------------------+-------+-------+-------++-------
Melee: Unarmed           |       |    14 |       ||    14
       Kick              |       |     5 |       ||     5
       Peck              |       |     2 |     4 ||     6
       Flail             |       |       |    10 ||    10
 Cast: Shock             |    50 |   144 |   134 ||   328
       Static Discharge  |       |    14 |    29 ||    43
       Airstrike         |       |       |    14 ||    14
  Use: Scroll            |     6 |     2 |     2 ||    10
       Potion            |       |     2 |     1 ||     3
Armor: Robe              |     2 |     5 |     5 ||    12
Dodge: Dodged            |     2 |    31 |    41 ||    74

Table legend: (Time is in decaauts)
 A = Elapsed time spent in this place.
 B = Non-inter-level travel time spent in this place.
 C = Inter-level travel time spent in this place.
 D = Time resting spent in this place.
 E = Time spent auto-exploring this place.
 F = Levels seen in this place.
 G = Mean time per level.
                   A        B        C        D        E       F      G
               +--------+--------+--------+--------+--------+-----+--------+
         Total |  10084 |   9943 |    141 |    113 |   8890 |   9 | 1120.4 |
       Dungeon |   9710 |   9580 |    130 |     49 |   8641 |   7 | 1387.1 |
        Temple |     13 |      3 |     10 |      0 |      0 |   1 |   13.0 |
         Sewer |    360 |    360 |      0 |     64 |    249 |   1 |  360.0 |
               +--------+--------+--------+--------+--------+-----+--------+

Top non-repeatable levels by time:
     D:4: 1622 daAuts
     D:2: 1621 daAuts
     D:5: 1513 daAuts
     D:1: 1431 daAuts
     D:3: 1383 daAuts
     D:6: 1346 daAuts
     D:7: 792 daAuts
   Sewer: 360 daAuts
  Temple: 13 daAuts
